Map: Nightshade LE

Players

OCT

  • Race: Terran Terran
  • League: Gold
  • Spawn Location: 5:00

antagomiR - Winner!

  • Race: Protoss Protoss
  • League: Gold
  • Spawn Location: 11:00

VOD

Have the link to the VOD?

Description

Time

  • Played on: April 12, 2020, 2:15 p.m.
  • Length: 15:15
Show
View Real Time Build Order
Export as new Build Order

OCT Terran 

Build Orders:  

Get SALT Encoding   

  12  0:01  SCV  
  13  0:13  SCV  
  14  0:17  Supply Depot  
  14  0:25  SCV  
  15  0:35  Refinery  
  15  0:43  Barracks  
  15  0:59  SCV  
  16  1:11  SCV, Barracks  
  17  1:23  SCV  
  18  1:31  Marine  
  19  1:35  SCV  
  20  1:41  Refinery  
  20  1:47  SCV  
  20  1:52  Supply Depot  
  21  1:57  Marine  
  22  2:08  Marine  
  23  2:14  Factory  
  23  2:15  Marine  
  23  2:16  Orbital Command  
  24  2:25  Marine  
  25  2:34  Barracks Reactor  
  25  2:42  SCV  
  25  2:43  Marine  
  27  2:54  SCV  
  28  2:59  Factory Tech Lab  
  28  3:02  Marine  
  29  3:14  Starport  
  29  3:16  SCV  
  29  3:19  Marine  
  30  3:20  Supply Depot  
  31  3:39  Barracks Tech Lab  
  31  3:41  Marine x2, SCV  
  31  3:47  Supply Depot  
  34  3:53  SCV  
  34  3:54  Medivac  
  37  4:06  Armory  
  37  4:09  Siege Tank  
  40  4:12  Supply Depot  
  40  4:15  Marauder  
  42  4:19  Marine  
  42  4:20  Marine  
  44  4:24  Medivac  
  46  4:35  Supply Depot  
  46  4:49  Marauder, Command Center  
  48  4:54  Marine x2  
  50  5:01  Supply Depot  
  53  5:14  Siege Tank  
  53  5:23  Factory  
  53  5:24  Marauder  
  53  5:25  Marine x2  
  57  5:31  Stimpack  
  57  5:38  SCV  
  58  5:46  Supply Depot  
  58  5:50  SCV  
  59  5:58  Starport Reactor  
  59  6:09  Factory Tech Lab, Siege Tank  
  62  6:16  Engineering Bay  
  62  6:17  SCV x2, Marine  
  62  6:18  Marine, Marauder  
  68  6:27  Supply Depot  
  68  6:32  SCV x2  
  70  6:41  Refinery  
  70  6:43  Refinery  
  70  6:44  SCV x2  
  70  6:46  Marine x2, Marauder  
  76  6:52  Supply Depot  
  76  7:00  Orbital Command  
  77  7:01  SCV  
  77  7:09  Thor  
  77  7:13  SCV  
  84  7:18  Supply Depot  
  84  7:32  Starport  
  84  7:33  Hi-Sec Auto Tracking  
  84  7:39  Thor  
  84  7:41  Supply Depot  
  84  7:42  SCV x2  
  92  7:54  SCV x2  
  94  8:06  SCV  
  94  8:07  SCV  
  94  8:11  Command Center  
  96  8:14  Starport Tech Lab  
  96  8:21  Terran Ship Weapons Level 1  
  96  8:29  Supply Depot  
  96  8:30  Viking x2  
  100  8:40  Missile Turret  
  100  8:43  SCV x2  
  102  8:55  SCV x2  
  103  9:01  Missile Turret  
  103  9:02  Supply Depot  
  104  9:11  Thor  
  104  9:12  Thor  
  116  9:21  SCV x2  
  118  9:32  Fusion Core  
  118  9:33  SCV x2  
  120  9:44  Marine x2, Marauder  
  124  9:47  Starport  
  124  9:52  Raven  
  126  9:55  SCV x2  
  128  10:02  Marine x2  
  128  10:06  Marauder  
  128  10:07  SCV x2  
  134  10:13  Thor  
  140  10:23  Planetary Fortress  
  140  10:30  SCV x2  
  142  10:42  SCV x2  
  144  10:44  Refinery  
  144  10:45  Refinery  
  144  10:54  SCV x2  
  146  10:57  Supply Depot  
  146  11:00  Starport Tech Lab  
  146  11:02  Battlecruiser  
  152  11:07  Supply Depot  
  152  11:10  Armory  
  152  11:12  Terran Vehicle Weapons Level 1  
  152  11:21  Supply Depot  
  152  11:32  Supply Depot  
  152  11:35  SCV x2  
  152  11:36  SCV  
  155  11:45  Supply Depot  
  155  11:47  SCV x2  
  155  11:48  SCV  
  158  12:04  Factory  
  158  12:06  Factory  
  158  12:10  Command Center  
  135  12:24  Missile Turret  
  119  12:44  Marine x2, Marauder  
  119  12:45  Missile Turret  
  119  12:47  Thor x2  
  119  12:49  Battlecruiser  
  139  12:53  Battlecruiser  
  139  12:57  Factory Tech Lab  
  145  13:02  Marine  
  148  13:06  Marauder  
  148  13:07  Missile Turret  
  148  13:15  Command Center  
  148  13:19  Factory Tech Lab  
  148  13:22  Thor  
  154  13:29  Thor  
  92  13:55  Marine x2, Marauder  
  85  13:57  Thor  
  70  14:13  Marine x2  
  70  14:16  Marine  
  73  14:41  Marine, Marauder  
Show
View Real Time Build Order
Export as new Build Order

antagomiR Protoss - Winner!

Build Orders:  

Get SALT Encoding   

  12  0:01  Probe  
  13  0:13  Probe  
  14  0:18  Pylon  
  14  0:25  Probe  
  15  0:39  Probe (Chrono Boost), Gateway  
  17  0:57  Probe (Chrono Boost)  
  17  1:00  Assimilator  
  17  1:02  Probe (Chrono Boost)  
  18  1:12  Probe  
  19  1:29  Cybernetics Core  
  19  1:45  Probe  
  20  1:57  Probe, Nexus  
  20  1:58  Pylon  
  20  2:01  Assimilator  
  21  2:03  Warp Gate (Chrono Boost)  
  21  2:09  Adept  
  23  2:16  Probe  
  24  2:28  Probe  
  25  2:39  Stalker  
  25  2:40  Probe  
  28  2:51  Robotics Facility  
  28  2:52  Probe  
  29  3:04  Probe  
  30  3:06  Gateway  
  30  3:08  Gateway  
  30  3:11  Probe  
  31  3:16  Probe  
  32  3:21  Sentry  
  32  3:23  Probe  
  35  3:29  Probe  
  36  3:35  Probe  
  36  3:38  Observer (Chrono Boost)  
  36  3:41  Probe  
  39  3:52  Probe, Observer (Chrono Boost)  
  39  3:53  Probe  
  42  4:04  Probe  
  42  4:05  Pylon  
  42  4:09  Pylon  
  43  4:14  Pylon  
  43  4:15  Stalker  
  45  4:24  Immortal  
  49  4:29  Probe x2  
  51  4:35  Sentry x2  
  55  4:41  Probe x2  
  55  4:45  Assimilator  
  57  4:47  Pylon  
  57  4:49  Assimilator  
  57  4:53  Probe x2  
  59  5:06  Probe x2  
  61  5:14  Stalker  
  61  5:18  Probe x2  
  65  5:21  Nexus  
  65  5:24  Pylon  
  65  5:26  Pylon  
  65  5:32  Gateway  
  65  5:33  Gateway  
  65  5:35  Gateway  
  65  5:37  Gateway  
  65  5:41  Twilight Council  
  65  5:43  Probe  
  65  5:44  Probe  
  67  5:52  Sentry x2  
  67  5:53  Stalker  
  67  5:56  Probe x2  
  75  6:01  Shield Battery  
  75  6:08  Probe x2  
  77  6:13  Forge  
  77  6:19  Immortal  
  77  6:20  Charge (Chrono Boost)  
  81  6:34  Robotics Bay  
  81  6:39  Stalker  
  83  6:43  Pylon  
  83  6:44  Probe x3  
  83  6:45  Pylon  
  86  6:49  Pylon  
  86  6:56  Probe x3  
  86  6:59  Assimilator, Stalker  
  86  7:01  Zealot  
  93  7:08  Probe x3  
  96  7:11  Protoss Ground Weapons Level 1 (Chrono Boost)  
  96  7:14  Pylon  
  96  7:17  Pylon  
  96  7:20  Probe x2  
  98  7:25  Templar Archives  
  98  7:29  Colossus  
  98  7:34  Zealot x3  
  110  7:39  Probe x3  
  113  7:47  Assimilator  
  114  7:51  Probe x3  
  114  7:57  Zealot  
  114  7:58  Zealot x3  
  124  8:03  Probe x3  
  127  8:07  Stalker x2  
  131  8:15  Probe  
  132  8:22  Probe  
  132  8:23  Probe  
  132  8:25  High Templar x2  
  132  8:26  High Templar x3  
  144  8:29  Archon  
  144  8:30  Archon  
  144  8:45  Stargate  
  144  8:47  Pylon  
  144  8:51  Pylon  
  144  8:57  Pylon  
  144  9:00  Stargate  
  144  9:02  Protoss Ground Armor Level 1 (Chrono Boost)  
  144  9:03  Pylon  
  144  9:05  Colossus  
  144  9:07  High Templar  
  144  9:08  High Templar  
  154  9:11  Zealot x3  
  154  9:12  Zealot x2  
  154  9:13  Archon  
  164  9:19  Probe  
  165  9:33  Zealot x2  
  165  9:34  Zealot x3  
  175  9:40  Phoenix  
  175  9:48  Fleet Beacon  
  175  9:52  High Templar  
  177  9:54  Zealot  
  179  10:03  Archon  
  179  10:18  High Templar  
  181  10:32  Pylon  
  181  10:34  Pylon  
  181  10:36  Pylon  
  181  10:37  Pylon  
  181  10:51  Protoss Ground Weapons Level 2, Immortal  
  181  10:52  Tempest x2  
  181  10:54  Zealot x2  
  199  11:09  Nexus  
  199  11:12  Pylon  
  199  11:16  Pylon  
  199  11:26  Gateway x2  
  199  11:27  Gateway  
  199  11:36  Gateway x2, Nexus  
  199  11:39  Pylon, Shield Battery x2  
  199  11:40  Gateway, Pylon  
  179  12:36  High Templar x2  
  179  12:37  High Templar x5  
  182  12:38  High Templar, Zealot  
  182  12:39  Zealot x3  
  200  12:48  Archon x3  
  200  12:49  Archon  
  200  13:11  Pylon  
  200  13:19  Pylon  
  144  14:08  Tempest x2  
  154  14:11  Zealot x3  
  154  14:12  Zealot x5  
  154  14:13  Zealot x3  
  180  14:59  Stargate  
  180  15:01  Stargate  
Tags
 
League
GoldGold
Matchup
PvT
Replay Pack
20200422
Spawn Locations
Cross Positions
Add a new tag
Caveats
  • Supply blocks, unpowered buildings, or Contaminate may cause inaccurate times.
  • Supply counts are checked every 10 seconds.